[Event "7th Ali Ipek Memorial 2019"]
[Site "Ankara"]
[Date "2019.03.06"]
[Round "1.2"]
[White "Kizilkus, Akin"]
[Black "Ari, Hasancan"]
[Result "1-0"]
[ECO "D36"]
[WhiteElo "2022"]
[BlackElo "1213"]
[Annotator "NA RC"]
[PlyCount "73"]
[EventDate "2019.03.06"]
[EventType "swiss"]
[EventCountry "TUR"]
[SourceTitle "playchess.com"]
[Source "ChessBase"]
[SourceQuality "1"]
[TimeControl "5400+30"]

1. d4 d5 2. c4 e6 3. Nc3 Nf6 4. cxd5 exd5 5. Bg5 Nbd7 6. e3 Be7 7. Bd3 O-O 8. Qc2 h6 9. Bh4 Re8 10. Nf3 c6 {[%emt 0:01:30] LiveBook: 188 Games} 11. O-O Ne4 12. Bxe7 Qxe7 13. Rab1 a5 14. a3 {[%emt 0:01:00] D36: Queen's Gambit Declined: Exchange Variation: Main line (5 Bg5 c6 6 Qc2)} (14. Rfe1 Nf8 15. Bxe4 dxe4 16. Nd2 f5 17. d5 Ra6 18. Rbd1 Ng6 19. d6 Qf7 20. f4 exf3 21. Nxf3 Ra8 {1-0 (63) Manolache,M (2495)-Kaasen,T (2347) Sitges 2017}) 14... f5 15. b4 Qf7 $146 ({Predecessor:} 15... g5 16. Na4 axb4 17. axb4 g4 18. Ne1 Ndf6 19. Nc5 h5 20. b5 h4 21. Bxe4 fxe4 22. bxc6 bxc6 {0-1 (30) Davydov,A (1713)-Gitelson,A (1854) Saratov 2014}) 16. b5 Nd6 17. bxc6 bxc6 18. Na4 Bb7 {[%emt 0:04:00] [#]} (18... Ba6 $16) 19. Bxf5 $1 Qxf5 20. Qxf5 Nxf5 21. Rxb7 Re7 22. Rc7 Ne5 23. Rxe7 Nxf3+ 24. gxf3 Nxe7 25. Rb1 g5 26. Rb7 Kf7 27. Nb6 Rd8 28. Nd7 Ke6 29. Ne5 Rd6 30. Ra7 Nf5 31. Rxa5 h5 32. Ra8 Ke7 33. Rc8 Nh4 34. a4 Re6 35. a5 Rf6 36. a6 c5 37. a7 $18 1-0

[Event "7th Ali Ipek Memorial 2019"]
[Site "Ankara"]
[Date "2019.03.06"]
[Round "1.5"]
[White "Avci, Engin"]
[Black "Karadag, Eflatun Cem"]
[Result "0-1"]
[ECO "C50"]
[WhiteElo "1283"]
[BlackElo "1879"]
[Annotator "NA RC"]
[PlyCount "58"]
[EventDate "2019.03.06"]
[EventType "swiss"]
[EventCountry "TUR"]
[SourceTitle "playchess.com"]
[Source "ChessBase"]
[SourceQuality "1"]
[TimeControl "5400+30"]

1. e4 e5 2. Nf3 Nc6 3. Bc4 Bc5 4. Nc3 Nf6 5. O-O O-O 6. d3 h6 7. Be3 d6 8. h3 a6 9. a4 Rb8 10. d4 exd4 11. Nxd4 Re8 (11... Ne5 ) 12. Be2 Ne5 13. Rb1 d5 14. exd5 Nxd5 $11 15. Nxd5 Qxd5 16. Nf3 Qxd1 17. Rbxd1 Bxe3 18. Nxe5 Bb6 19. Bc4 Rxe5 20. Rd8+ Kh7 21. Bxf7 g5 22. Rfd1 c6 23. Rg8 Bg4 24. Rxb8 Bxd1 25. Rxb7 Re1+ 26. Kh2 Bxf2 27. Bd5+ Kg6 28. Bxc6 h5 29. c4 h4 0-1

[Event "7th Ali Ipek Memorial 2019"]
[Site "Ankara"]
[Date "2019.03.06"]
[Round "1.6"]
[White "Severcan, Sedat Sabri"]
[Black "Bilen, Tuna"]
[Result "1-0"]
[ECO "A54"]
[WhiteElo "1927"]
[BlackElo "1193"]
[Annotator "NA RC"]
[PlyCount "96"]
[EventDate "2019.03.06"]
[EventType "swiss"]
[EventCountry "TUR"]
[SourceTitle "playchess.com"]
[Source "ChessBase"]
[SourceQuality "1"]
[TimeControl "5400+30"]

1. Nf3 Nc6 2. c4 e5 3. Nc3 Nf6 4. g3 d6 5. Bg2 Be7 6. O-O O-O 7. d4 Bg4 8. d5 {[%emt 0:02:30] A54: Old Indian Defence with Nf3, but without e4} Bxf3 9. Bxf3 Na5 10. Qa4 $146 ({Predecessor:} 10. Qd3 b6 11. b4 Nb7 12. a3 Qd7 13. Bg2 a5 14. Bb2 Rfe8 15. e4 Nh5 {1-0 (42) Shomoev,A (2582)-Vostrikov,A (2206) Izhevsk 2012}) 10... b6 11. e4 Qd7 12. Qxd7 Nxd7 13. b3 a6 14. Be3 Nb7 15. b4 a5 16. a3 Rac8 17. Bg4 Rfd8 18. Nb5 Ra8 19. f3 Nf6 20. Bh3 (20. Nxc7 $18 Nxg4 21. fxg4) 20... Ne8 21. Rfc1 Ra6 22. Kf2 Kf8 23. Ke1 Bf6 24. Kd2 Ke7 25. Kc2 Rda8 26. Kb2 Kd8 27. Bd2 h6 28. Bg4 Be7 29. Bc3 Bf6 30. Bh3 g6 31. Bg2 g5 32. Kb3 Bg7 33. Bf1 h5 34. Bd3 f6 35. h3 Bh6 36. Rg1 Ng7 (36... Ke7 $16 37. Rae1 axb4 38. axb4 (38. Bxb4 Nc5+ 39. Kc3 Kf7 $14) 38... Nd8) 37. f4 Kd7 (37... axb4 $142 38. axb4 Rxa1 39. Bxa1 Kd7) 38. fxe5 (38. Raf1 $142 axb4 39. axb4) 38... dxe5 39. Rgf1 Ne8 40. Be2 h4 41. Bg4+ Kd8 42. gxh4 gxh4 43. Bh5 Ned6 44. Rxf6 $18 Bf4 45. Bf3 Kd7 46. Rg6 Rf8 47. Rg7+ Rf7 48. Bg4+ Ke7 1-0

[Event "7th Ali Ipek Memorial 2019"]
[Site "Ankara"]
[Date "2019.03.06"]
[Round "1.8"]
[White "Taspinar, Yanki"]
[Black "Muti, Erol"]
[Result "1-0"]
[ECO "C08"]
[WhiteElo "1792"]
[BlackElo "1286"]
[Annotator "NA RC"]
[PlyCount "156"]
[EventDate "2019.03.06"]
[EventType "swiss"]
[EventCountry "TUR"]
[SourceTitle "playchess.com"]
[Source "ChessBase"]
[SourceQuality "1"]
[TimeControl "5400+30"]

1. e4 e6 2. d4 d5 3. Nd2 c5 4. exd5 exd5 5. Ngf3 Nf6 6. Be2 Be7 7. O-O O-O 8. dxc5 Bxc5 9. Nb3 Bd6 10. Bg5 Bg4 11. Nfd4 Bxe2 12. Qxe2 Nbd7 13. Nf5 Re8 14. Qf3 Be5 15. c3 Qc7 16. g3 Ne4 17. Be3 b6 18. Rad1 Ndf6 19. Bd4 Rad8 20. Rfe1 Ng5 21. Qg2 Bxd4 22. Nbxd4 Nge4 23. Re2 Nd6 24. Rxe8+ Rxe8 25. Ne3 Nde4 26. Ndc2 Qc5 27. Rd4 a5 28. Qf3 Qb5 29. Nd1 h6 30. Qd3 Qc6 31. Nde3 Ng5 32. Nxd5 Nxd5 33. Rxd5 Qe6 34. h4 Ne4 35. Rd8 Nc5 36. Rxe8+ Qxe8 37. Qc4 Qd7 38. Nd4 Qa4 39. b4 axb4 40. cxb4 Qd1+ 41. Kg2 Nd3 42. Qc8+ Kh7 43. Qf5+ Kg8 44. Nc6 Ne1+ 45. Kh3 g6 46. Ne7+ Kg7 47. Qe5+ Kf8 48. Nd5 Kg8 49. Nf6+ Kf8 50. Nh7+ Kg8 51. Nf6+ Kf8 52. Qf4 Kg7 53. Ng4 Qa1 54. Qxh6+ Kg8 55. h5 Nf3 56. Kg2 Ne1+ 57. Kf1 Nd3+ 58. Ke2 Nc1+ 59. Kf3 Qc3+ 60. Kg2 Qc6+ 61. Kh2 Nd3 62. hxg6 fxg6 63. Qd2 Qf3 64. Kh3 Qh1+ 65. Nh2 Qd5 66. Qe3 Qh5+ 67. Kg2 Qd5+ 68. Nf3 Kf7 69. a3 Kf6 70. Qxb6+ Kf5 71. g4+ Kxg4 72. Qxg6+ Kf4 73. Qg3+ Ke4 74. Qg4+ Nf4+ 75. Kg3 Qf5 76. Nd2+ Ke5 77. Nc4+ Ke4 78. Nd6+ Kd5 1-0

[Event "7th Ali Ipek Memorial 2019"]
[Site "Ankara"]
[Date "2019.03.06"]
[Round "1.9"]
[White "Cosgun, Deniz"]
[Black "Turkmen, Ataberk"]
[Result "0-1"]
[ECO "B08"]
[WhiteElo "1323"]
[BlackElo "1868"]
[Annotator "NA RC"]
[PlyCount "74"]
[EventDate "2019.03.06"]
[EventType "swiss"]
[EventCountry "TUR"]
[SourceTitle "playchess.com"]
[Source "ChessBase"]
[SourceQuality "1"]
[TimeControl "5400+30"]

1. e4 d6 2. d4 Nf6 3. Nc3 g6 4. Nf3 Bg7 5. Be2 O-O 6. O-O Nc6 7. Bg5 h6 {[%emt 0:01:30] B08: Pirc Defence: Classical System} 8. Be3 (8. Bh4 a6 9. d5 Na7 10. Qd2 Bg4 11. Nd4 Bxe2 12. Ndxe2 Nb5 13. f3 c6 14. Rad1 Rc8 15. dxc6 bxc6 {0-1 (41) Sarana,A (2543)-Mamedyarov,S (2791) Sochi 2017}) 8... e5 9. d5 Ne7 10. Qd2 $146 ({Predecessor:} 10. h3 Ne8 11. Qd2 Kh7 12. Ne1 f5 13. f3 Bd7 14. Rd1 Nf6 15. a4 {½-½ (25) Khan,V (2131)-Torell,H (2157) LSS email 2013}) 10... Kh7 11. Ne1 Nd7 12. f4 f5 13. fxe5 Nxe5 14. Nf3 g5 15. Nxe5 Bxe5 16. exf5 Bxf5 {[%emt 0:01:30] [#]} (16... Nxf5 $11 {keeps the balance.} 17. Bf2 Kg7) 17. Bd3 (17. h4 $1 $16 ) 17... Qd7 $2 (17... Kh8 $11) 18. Bxf5+ Nxf5 19. Qd3 Kg7 20. Bf2 a6 21. a4 Rf7 22. Rad1 Raf8 23. b3 g4 24. Ne2 Qe7 $11 25. Ng3 Qg5 26. Nxf5+ Rxf5 27. Bg3 Rxf1+ 28. Rxf1 Bxg3 29. Rxf8 Bxh2+ 30. Kxh2 Kxf8 31. Qc3 Qe5+ 32. Qg3 Ke7 33. c4 Kf6 34. b4 b6 35. c5 dxc5 36. bxc5 bxc5 37. Qxe5+ Kxe5 0-1

[Event "7th Ali Ipek Memorial 2019"]
[Site "Ankara"]
[Date "2019.03.06"]
[Round "1.11"]
[White "Lacin, Tuna"]
[Black "Nazli, Sertan"]
[Result "0-1"]
[ECO "B34"]
[WhiteElo "1264"]
[BlackElo "1811"]
[Annotator "NA RC"]
[PlyCount "52"]
[EventDate "2019.03.06"]
[EventType "swiss"]
[EventCountry "TUR"]
[SourceTitle "playchess.com"]
[Source "ChessBase"]
[SourceQuality "1"]
[TimeControl "5400+30"]

1. e4 g6 2. d4 Bg7 3. Nf3 c5 4. Nc3 cxd4 5. Nxd4 Nc6 6. Be3 Nf6 7. f3 O-O 8. h4 {[%emt 0:02:30] B34: Sicilian: Accelerated Dragon with 5 Nc3: sidelines} (8. Nxc6 bxc6 9. Bc4 d5 10. exd5 Nxd5 11. Nxd5 cxd5 12. Bxd5 Rb8 13. Bb3 Qc7 14. c3 a5 15. O-O {½-½ (15) Motylev,A (2652)-Khismatullin,D (2609) Cheboksary 2016}) 8... d5 9. Nde2 $146 (9. Nxd5 $15 Nxd5 10. exd5 Qxd5 11. Nxc6) ({Predecessor:} 9. Nxc6 bxc6 10. e5 Nh5 11. f4 Ng3 12. Rg1 Rb8 13. b3 Qa5 14. Qd2 Rd8 15. Rd1 Bg4 {½-½ (35) Boucaud,A (1700)-Entem,A (2144) Hennebont 2006}) 9... Qa5 10. Bd2 Qb6 11. exd5 Ne5 12. Qc1 Rd8 (12... Nc4 $17 13. Bg5 Qb4) 13. Be3 Qa5 14. Bd2 Nc4 15. Nf4 Nxd2 16. Qxd2 Bh6 17. Bc4 e5 18. g3 exf4 19. Qd4 $2 (19. O-O-O) 19... Re8+ 20. Kf1 fxg3 21. Qxf6 Qc5 22. Nd1 Qxc4+ 23. Kg2 Re2+ 24. Kxg3 Bf5 25. Nf2 Qf4+ 26. Kg2 Bh3+ 0-1

[Event "7th Ali Ipek Memorial 2019"]
[Site "Ankara"]
[Date "2019.03.06"]
[Round "1.12"]
[White "Alkan, Omer Tarik"]
[Black "Turkucu, Eyup"]
[Result "1-0"]
[ECO "B09"]
[WhiteElo "1720"]
[BlackElo "1250"]
[Annotator "NA RC"]
[PlyCount "73"]
[EventDate "2019.03.06"]
[EventType "swiss"]
[EventCountry "TUR"]
[SourceTitle "playchess.com"]
[Source "ChessBase"]
[SourceQuality "1"]
[TimeControl "5400+30"]

1. e4 d6 2. d4 Nf6 3. Nc3 g6 4. f4 Bg7 5. Nf3 Bg4 6. e5 dxe5 7. fxe5 Ng8 8. Bc4 h6 9. h3 Bd7 10. O-O c6 11. e6 fxe6 12. Qd3 Bf6 13. Qxg6+ Kf8 14. Ne5 Be8 15. Qg4 Qd6 16. Kh1 Bf7 17. Bf4 Qxd4 18. Bxh6+ Nxh6 19. Qxd4 Nf5 20. Qd8+ Kg7 21. Qc7 Ng3+ 22. Kg1 b5 23. Nxf7 Na6 24. Qxg3+ Kxf7 25. Bb3 Nc5 26. Rae1 Nxb3 27. axb3 Rag8 28. Qf3 b4 29. Ne4 Rh6 30. Nxf6 exf6 31. Qxc6 Re8 32. Rd1 Re7 33. Rd7 e5 34. Rfd1 Rxd7 35. Rxd7+ Kg6 36. Qe4+ f5 37. Qxe5 1-0

[Event "7th Ali Ipek Memorial 2019"]
[Site "Ankara"]
[Date "2019.03.07"]
[Round "2.1"]
[White "Guven, Oguz Kagan"]
[Black "Kaynak, Deniz Can"]
[Result "1-0"]
[ECO "A30"]
[WhiteElo "2096"]
[BlackElo "1467"]
[Annotator "NA RC"]
[PlyCount "49"]
[EventDate "2019.03.06"]
[EventType "swiss"]
[EventCountry "TUR"]
[SourceTitle "playchess.com"]
[Source "ChessBase"]
[SourceQuality "1"]
[TimeControl "5400+30"]

1. Nf3 Nf6 2. c4 e6 3. d4 b6 4. g3 Bb7 5. Bg2 c5 6. O-O Be7 7. d5 {[%emt 0:02:30] A30: Symmetrical English: Double Fianchetto and Hedgehog} (7. Nc3 cxd4 8. Qxd4 d6 9. Bg5 a6 10. Bxf6 Bxf6 11. Qf4 Bxf3 12. exf3 Ra7 13. Rfd1 Rd7 14. Qd2 O-O 15. f4 g6 16. Rac1 Qc7 17. Ne4 {½-½ (17) Alonso Rosell,A (2547)-Lopez Martinez,J (2535) Barcelona 2013}) 7... d6 8. Nc3 O-O 9. e4 e5 10. Nh4 Nbd7 11. Nf5 a6 $146 ({Predecessor:} 11... g6 12. Nxe7+ Qxe7 13. Bh6 Rfe8 14. f4 exf4 15. gxf4 Nh5 16. e5 {½-½ (36) Beckman,T (1946)-Slack,D (1891) Bethesda 2014}) 12. a4 Re8 13. f4 Bf8 14. fxe5 Nxe5 15. Bg5 Neg4 16. Rf4 h6 {[%emt 0:10:30] [#]} (16... Ne5 $16 {was necessary.} 17. Nh6+ Kh8) 17. Qxg4 $1 hxg5 18. Qxg5 Re5 19. Rh4 g6 {[%emt 0:01:30] [#]} 20. Rf1 $2 (20. Nh6+ $1 $18 Bxh6 21. Qxh6) 20... Bg7 $1 21. Nh6+ Kf8 22. Qd2 Bc8 23. g4 g5 (23... Ra7 $1 $15 {stays ahead.} 24. Qf2 Bxh6 25. Rxh6 Kg7) 24. Rh3 Nxg4 $2 (24... Ra7 $16) 25. Nxf7 $18 1-0

[Event "7th Ali Ipek Memorial 2019"]
[Site "Ankara"]
[Date "2019.03.07"]
[Round "2.2"]
[White "Sozen, Abdullah"]
[Black "Kizilkus, Akin"]
[Result "1/2-1/2"]
[ECO "A48"]
[WhiteElo "1466"]
[BlackElo "2004"]
[Annotator "NA RC"]
[PlyCount "141"]
[EventDate "2019.03.06"]
[EventType "swiss"]
[EventCountry "TUR"]
[SourceTitle "playchess.com"]
[Source "ChessBase"]
[SourceQuality "1"]
[TimeControl "5400+30"]

1. d4 Nf6 2. Nf3 g6 3. Bg5 Bg7 4. Nbd2 d6 5. e4 O-O 6. c3 c5 7. dxc5 dxc5 8. Bc4 Nc6 9. O-O Qc7 10. Qe2 h6 {[%emt 0:00:00] A48: 1 d4 Nf6 2 Nf3 g6: Torre, London and Colle Systems} 11. Bxf6 exf6 (11... Bxf6 12. Qe3 Bg7 13. Qxc5 b6 14. Qe3 Bb7 15. Rfd1 e6 16. Be2 Rfd8 17. Nf1 a6 18. h4 b5 19. N1h2 Rxd1+ 20. Rxd1 {1-0 (35) Harikrishna,P (2744)-Duda,J (2717) Riadh 2017}) 12. h3 f5 13. Nh4 Kh8 $146 ({Predecessor:} 13... Re8 14. Nxg6 fxe4 15. Nh4 Qf4 16. g3 Qe5 {0-1 (49) Petrusic,V (2176)-Cabarkapa,N (2413) Kac 2016}) 14. exf5 g5 15. Qh5 Qf4 16. f6 Qxf6 17. Nhf3 Bf5 18. Rfe1 Bg6 19. Qg4 Rae8 20. Qd7 Re7 21. Rxe7 Qxe7 22. Qxe7 Nxe7 23. Re1 Nc6 24. Ne4 b6 25. Nd6 Kg8 26. Ne8 Ne5 27. Bb5 Bd3 28. Nxe5 Bxb5 29. Nxg7 Kxg7 30. Ng4 Re8 31. Rxe8 Bxe8 32. Kf1 f5 33. Ne3 Kf6 34. g3 Bf7 35. a3 Ke5 36. Ke2 Be6 37. Kf3 h5 38. h4 gxh4 39. gxh4 f4 40. Nc2 Bb3 41. Ne1 Bd1+ 42. Kg2 Ke4 43. Kf1 f3 44. Kg1 c4 45. Kh2 Kf4 46. Kh3 a5 47. Kh2 Kg4 48. Kg1 Kxh4 49. Kh2 Kg4 50. Kg1 Ba4 51. Kh2 h4 52. Kg1 Kf4 53. Kh2 Bd7 54. Kg1 Bf5 55. Kh2 Ke4 56. Kg1 Bg4 57. Kh2 Kd5 58. Kg1 Kc5 59. Nc2 Kb5 60. Ne3 Be6 61. Nf1 Kc5 62. Nd2 Bg4 63. Kh2 Kd5 64. Kg1 b5 65. Kh2 Kc5 66. Ne4+ Kc6 67. Nd2 Kd5 $19 68. Kg1 Kc6 69. Kh2 Kd5 70. Kg1 Kc6 71. Kh2 1/2-1/2

[Event "7th Ali Ipek Memorial 2019"]
[Site "Ankara"]
[Date "2019.03.07"]
[Round "2.3"]
[White "Buker, Muhittin"]
[Black "Elveren, Cinar"]
[Result "1-0"]
[ECO "D11"]
[WhiteElo "2009"]
[BlackElo "1391"]
[Annotator "NA RC"]
[PlyCount "67"]
[EventDate "2019.03.06"]
[EventType "swiss"]
[EventCountry "TUR"]
[SourceTitle "playchess.com"]
[Source "ChessBase"]
[SourceQuality "1"]
[TimeControl "5400+30"]

1. d4 d5 2. Nf3 Nf6 3. g3 Bf5 4. Bg2 e6 5. O-O Bd6 6. c4 c6 7. Nc3 O-O 8. Re1 {[%emt 0:04:30] D11: Slav Defence: 3 Nf3 sidelines and 3...Nf6 4 e3 Bg4} (8. Nd2 Nbd7 9. e4 dxe4 10. Ndxe4 Be7 11. Be3 Nxe4 12. Nxe4 Nf6 13. Nc3 Ng4 14. Bf4 Qb6 15. Na4 Qa6 {0-1 (28) Muha,M (2258)-Krsnik Cohar,I (2353) Zadar 2016}) 8... Re8 9. Nh4 $146 ({Predecessor:} 9. Bg5 Nbd7 10. e4 dxe4 11. Nxe4 Be7 12. Nc3 Qc7 13. d5 cxd5 14. cxd5 e5 15. Rc1 Bd6 {1-0 (33) Collins,C-Kane,P Lansing 1993}) 9... Bg6 10. Nxg6 hxg6 11. e4 dxe4 12. Nxe4 Nxe4 13. Rxe4 Nd7 14. b3 Nf6 15. Bg5 Be7 16. Re2 Qb6 17. Rd2 Rad8 18. Be3 Qa5 19. a3 Qf5 20. h3 g5 21. g4 Qg6 22. Qf3 Rd7 23. Rad1 Bxa3 24. Ra2 Bb4 25. Rxa7 Red8 26. Ra4 Bc3 27. d5 b5 {[%emt 0:03:30] [#]} (27... Qc2 $11 {keeps the balance.}) 28. Ra6 $1 Be5 $2 (28... cxd5 $16 {was necessary.} 29. Bb6 {[%mdl 64] Discovered Attack} (29. cxb5 d4 $11) 29... b4) 29. Bb6 ({Resist} 29. Rxc6 $6 bxc4 30. bxc4 exd5 $18) 29... cxd5 30. Bxd8 Rxd8 31. Qe2 ({Not} 31. cxd5 Nxd5 32. Qd3 (32. Qe2 Bf6 $18) 32... Qxd3 $18) (31. cxb5 Qc2 $16) 31... Bf4 32. cxd5 exd5 33. Bxd5 Re8 $2 {[%emt 0:05:30] [#]} (33... Rf8 34. Qxb5 Qc2) 34. Qxe8+ $18 1-0

[Event "7th Ali Ipek Memorial 2019"]
[Site "Ankara"]
[Date "2019.03.07"]
[Round "2.4"]
[White "Vural, Burak"]
[Black "Sahin, Doga Boran"]
[Result "0-1"]
[ECO "C12"]
[WhiteElo "1501"]
[BlackElo "1994"]
[Annotator "NA RC"]
[PlyCount "70"]
[EventDate "2019.03.06"]
[EventType "swiss"]
[EventCountry "TUR"]
[SourceTitle "playchess.com"]
[Source "ChessBase"]
[SourceQuality "1"]
[TimeControl "5400+30"]

1. e4 e6 2. d4 d5 3. Nc3 Nf6 4. Bg5 Bb4 5. e5 h6 6. Bd2 Bxc3 7. bxc3 Ne4 8. Qg4 g6 9. Bd3 Nxd2 10. Kxd2 c5 11. Nf3 Nc6 12. Rab1 {[%emt 0:17:30] C12: French: Classical System: McCutcheon Variation} (12. dxc5 Qa5 13. Qf4 Qxc5 14. Nd4 Bd7 15. Rhb1 O-O-O 16. Rb5 Qe7 17. Rab1 b6 18. Nxc6 Bxc6 19. R5b4 g5 {½-½ (65) Anand,V (2817)-Nakamura,H (2774) Monte Carlo 2011}) 12... cxd4 13. cxd4 a6 $146 ({Predecessor:} 13... Qa5+ 14. Ke3 Qxa2 15. Ra1 Qb2 16. Kd2 Qb6 17. Qf4 a5 18. h4 Qd8 {½-½ (33) Sutkalenko,D (2294)-Orlov,V (2229) LSS email 2010}) 14. h4 b5 15. h5 g5 16. Nh2 Bd7 17. Rhf1 Rc8 18. c3 Qa5 19. Rbc1 Qxa2+ (19... b4 $19 {and Black stays clearly on top.} 20. cxb4 Nxb4 21. Rxc8+ Bxc8) 20. Rc2 Qa5 21. Ke3 (21. Rb1 $142) 21... b4 $19 22. f4 b3 23. Rcf2 Qxc3 24. fxg5 Nb4 25. Rd1 b2 26. g6 b1=Q 27. gxf7+ Kd8 28. f8=Q+ Rxf8 29. Rxf8+ Kc7 30. Rxc8+ Kxc8 31. Qg8+ Kc7 32. Rxb1 Qxd3+ 33. Kf2 Qxd4+ 34. Ke1 Qe3+ 35. Kf1 Bb5# 0-1

[Event "7th Ali Ipek Memorial 2019"]
[Site "Ankara"]
[Date "2019.03.07"]
[Round "2.5"]
[White "Karadag, Eflatun Cem"]
[Black "Ilarslan, Can"]
[Result "1/2-1/2"]
[ECO "D11"]
[WhiteElo "1879"]
[BlackElo "1387"]
[Annotator "NA RC"]
[PlyCount "75"]
[EventDate "2019.03.06"]
[EventType "swiss"]
[EventCountry "TUR"]
[SourceTitle "playchess.com"]
[Source "ChessBase"]
[SourceQuality "1"]
[TimeControl "5400+30"]

1. d4 d5 2. Nf3 Nf6 3. g3 Bf5 4. Bg2 c6 5. O-O e6 6. Nbd2 h6 7. c4 Nbd7 8. Qb3 {[%emt 0:01:30] D11: Slav Defence: 3 Nf3 sidelines and 3...Nf6 4 e3 Bg4} (8. b3 Bd6 9. Bb2 Qb8 10. Qc1 O-O 11. Ba3 b5 12. Bxd6 Qxd6 13. Qc3 bxc4 14. bxc4 Ne4 15. Nxe4 Bxe4 16. Rfc1 dxc4 17. Qxc4 {½-½ (37) Mareco,S (2645)-Vishnu,P (2510) Sharjah 2018}) 8... Qb6 9. c5 Qxb3 10. axb3 Be7 11. b4 O-O 12. Nb3 b6 13. h3 $146 ({Predecessor:} 13. Bf4 g5 14. Bd6 Bxd6 15. cxd6 Bg4 {½-½ (49) Tudosa,D (1944)-Ludwig,S (2065) Bayern 2015}) 13... a5 14. bxa5 bxc5 15. Nxc5 Nxc5 16. dxc5 Bxc5 17. Bf4 Nd7 18. Rfc1 f6 19. Bd2 Rfc8 20. Ra4 (20. b4 $16 Ba7 21. e3) 20... e5 21. Ne1 Ba7 $2 {[%emt 0:04:30] [#]} (21... e4 $11) 22. Rxc6 $1 e4 23. Rxc8+ Rxc8 24. Ra1 Ne5 25. b3 Bd4 26. Ra2 Bd7 27. e3 Ba7 28. Bf1 Rb8 29. Rb2 Bb5 30. Rc2 Bxf1 31. Kxf1 Rxb3 32. Rc8+ Kh7 33. Ra8 Bc5 34. Rc8 $11 Ba7 35. Ra8 Bc5 36. Rc8 Ba7 37. Ra8 Bc5 38. Rc8 1/2-1/2

[Event "7th Ali Ipek Memorial 2019"]
[Site "Ankara"]
[Date "2019.03.07"]
[Round "2.7"]
[White "Turkmen, Ataberk"]
[Black "Taspinar, Yanki"]
[Result "0-1"]
[ECO "D43"]
[WhiteElo "1868"]
[BlackElo "1792"]
[Annotator "NA RC"]
[PlyCount "48"]
[EventDate "2019.03.06"]
[EventType "swiss"]
[EventCountry "TUR"]
[SourceTitle "playchess.com"]
[Source "ChessBase"]
[SourceQuality "1"]
[TimeControl "5400+30"]

1. d4 Nf6 2. c4 e6 3. Nc3 d5 4. Nf3 c6 5. c5 b6 {[%emt 0:00:30] D43: Semi-Slav: 5 Bg5 h6} (5... Nbd7 6. Bf4 Nh5 7. Bd2 Nhf6 8. Qc2 g6 9. h3 Bg7 10. Bf4 O-O 11. e3 b6 12. b4 a5 13. cxb6 Nxb6 {½-½ (21) Chabanon,J (2424)-Dunis,A (2485) Marseille 2005}) 6. b4 a5 7. Qa4 Ne4 8. Qb3 $146 ({Predecessor:} 8. Bd2 Ba6 9. bxa5 Nxd2 10. cxb6 Ne4 11. Nxe4 dxe4 12. Nd2 Bb5 13. Qb3 Qxd4 {0-1 (21) Waite,D (2066)-Skratulia,J (2244) USA 2000}) 8... axb4 9. Nxe4 dxe4 10. Ng5 Qxd4 11. Bb2 Qd5 12. Qxd5 exd5 13. cxb6 f6 14. Nh3 Bc5 15. b7 Bxb7 16. e3 Bd6 17. Be2 Nd7 18. O-O Ba6 19. Rfe1 Bxe2 20. Rxe2 Nc5 21. Rc2 $19 Nd3 22. Rxc6 Kd7 23. Rc2 Nxb2 24. Rxb2 Be5 0-1

[Event "7th Ali Ipek Memorial 2019"]
[Site "Ankara"]
[Date "2019.03.07"]
[Round "2.8"]
[White "Turkmen, Ataberk"]
[Black "Sac, Hakan"]
[Result "1-0"]
[ECO "B15"]
[WhiteElo "1868"]
[BlackElo "1604"]
[Annotator "NA"]
[PlyCount "30"]
[EventDate "2019.03.06"]
[EventType "swiss"]
[EventCountry "TUR"]
[SourceTitle "playchess.com"]
[Source "ChessBase"]
[SourceQuality "1"]
[TimeControl "5400+30"]

1. e4 c6 2. d4 d5 3. f3 g6 4. Nc3 Bg7 5. Be3 dxe4 6. fxe4 Qb6 7. Qd2 Qxb2 8. Rb1 Qa3 9. Nf3 Nf6 10. Bd3 O-O 11. h3 Nbd7 12. O-O Qa5 13. e5 Nd5 14. Nxd5 Qxd5 15. c4 Qe6 1-0

[Event "7th Ali Ipek Memorial 2019"]
[Site "Ankara"]
[Date "2019.03.07"]
[Round "2.9"]
[White "Aydin, Aytac"]
[Black "Sekerci, Berkin"]
[Result "0-1"]
[ECO "D85"]
[WhiteElo "1373"]
[BlackElo "1711"]
[Annotator "NA RC"]
[PlyCount "182"]
[EventDate "2019.03.06"]
[EventType "swiss"]
[EventCountry "TUR"]
[SourceTitle "playchess.com"]
[Source "ChessBase"]
[SourceQuality "1"]
[TimeControl "5400+30"]

1. d4 Nf6 2. c4 g6 3. Nc3 d5 4. cxd5 Nxd5 5. e4 Nxc3 6. bxc3 Bg7 7. Nf3 c5 8. Rb1 O-O 9. Be2 b6 10. O-O Bb7 11. e5 Nc6 12. Bf4 cxd4 13. cxd4 e6 14. Qd2 Qd7 15. Rfd1 Rfd8 16. Bg5 Rdc8 17. Bf6 Bf8 18. h4 Na5 19. h5 Be4 20. Rbc1 Rxc1 21. Rxc1 Rc8 22. Rxc8 Qxc8 23. hxg6 Bxg6 24. Bd3 Ba3 25. Bxg6 hxg6 26. d5 Bc1 27. Qd4 Bh6 28. d6 Qd7 29. Qc3 Nc6 30. Nd4 Nxd4 31. Qxd4 Bg7 32. Qc3 Bxf6 33. Qc7 Qa4 34. exf6 Qd1+ 35. Kh2 Qh5+ 36. Kg3 Qg5+ 37. Kf3 Qxf6+ 38. Ke4 Qf5+ 39. Kd4 Qxf2+ 40. Kc4 Qxa2+ 41. Kb5 a6+ 42. Kc6 Qd5+ 43. Kd7 e5 44. Kd8 e4 45. Qe7 Qa8+ 46. Kc7 Qa7+ 47. Kc6 Qa8+ 48. Qb7 Qd8 49. d7 Kf8 50. Kd6 Qe7+ 51. Kc7 e3 52. Qc8+ Kg7 53. Qe8 Qc5+ 54. Kb7 Qd5+ 55. Ka7 e2 56. d8=Q Qxd8 57. Qxd8 e1=Q 58. Qd4+ Kh6 59. Qf4+ Kg7 60. Qd4+ Kf8 61. Kxb6 Qe6+ 62. Kc7 f6 63. Qd8+ Kf7 64. Qh8 f5 65. Qh7+ Kf6 66. Qh8+ Kg5 67. Qd8+ Kg4 68. Qd1+ Kf4 69. Qf3+ Ke5 70. Qc3+ Kf4 71. Qf3+ Kg5 72. Qg3+ Kf6 73. Qh4+ Kg7 74. Qg3 Kf7 75. Qh3 f4 76. Qh7+ Kf6 77. Qh8+ Kg5 78. Qd8+ Qf6 79. Qd5+ Qf5 80. Qd8+ Kg4 81. Qd1+ Kg3 82. Qf3+ Kh2 83. Qf2 Qe4 84. g4+ Qg2 85. Qh4+ Kg1 86. Qe1+ Qf1 87. Qe5 Qc1+ 88. Kb7 Qe3 89. Qa1+ Kg2 90. Qxa6 f3 91. Qc6 Kg1 0-1